 Dungeon Sprint DCSS version bcrawl-1.20.1 (webtiles) character file.

Game seed: 7149232916103316813

329121 Freyura the Victor of a Thousand Battles (level 20, -2/194 HPs)
             Began as a Hill Orc Fighter on Jan 26, 2020.
             Was the Champion of Okawaru.
             Killed from afar by an ancient lich (5 damage)
             ... with a bolt of lightning
             ... in the Dungeon (Sprint IX: "|||||||||||||||||||||||||||||") on Jan 27, 2020.
             The game lasted 00:53:30 (10027 turns).

Freyura the Victor of a Thousand Battles (HOFi)    Turns: 10027, Time: 00:53:30

Health: -2/194     AC: 49    Str: 23    XL:     20   Next: 25%
Magic:  35/35      EV: 26    Int: 12    God:    Okawaru [******]
Gold:   1870       SH: 39    Dex: 27    Spells: 19/19 levels left

rFire    . . .     SeeInvis +   W - +5 demon whip of Conflict {venom, rElec Dex+3}
rCold    + . .     Gourm    .   L - +5 large shield
rNeg     . . .     Faith    .   G - +1 crystal plate armour
rPois    .         Spirit   .   y - +2 helmet {SInv}
rElec    +         Reflect  +   q - +2 cloak
rCorr    .         Harm     .   u - +2 pair of gloves {archery}
MR       ++...     NoTele   +   p - +2 pair of boots
Stlth    ..........             v - +6 amulet of reflection
HPRegen  0.42/turn              P - ring "Zyusau" {rElec MP+9 Int+4 Dex+3}
MPRegen  0.24/turn              Q - ring of Mulladi {rC+ MR+ Dex+6}

@: heroism, finesse
A: [blurry vision 2], frail 1, low mp 1[+2], wild magic 1
}: 5/17 runes: decaying, serpentine, barnacled, silver, gossamer
a: Heroism, Finesse, Renounce Religion


You were in the Dungeon.
You worshipped Okawaru.
Okawaru was exalted by your worship.
You were not hungry.

You visited 1 branch You collected 1951 gold pieces.
You spent 81 gold pieces at shops.

Inventory:

Hand Weapons
 c - a +3 demon blade of flaming
 o - a +6 scimitar of flaming
 D - a +2 broad axe of chopping
 F - a +6 long sword of holy wrath
 J - a +2 sacred scourge of holy wrath
 U - the +5 demon whip "Bacugred" {flame, MR+ Str+3}
   (You found it in the Dungeon)

   It has been specially enchanted to burn those struck by it, causing extra
   injury to most foes and up to half again as much damage against particularly
   susceptible opponents.
   It affects your strength (+3).
   It affects your resistance to hostile enchantments.
 W - the +5 demon whip of Conflict (weapon) {venom, rElec Dex+3}
   (You found it in the Dungeon)

   It poisons the flesh of those it strikes.
   It affects your dexterity (+3).
   It insulates you from electricity.
Armour
 p - a +2 pair of boots (worn)
 q - a +2 cloak (worn)
 u - a +2 pair of gloves of archery (worn)
 y - a +2 helmet of see invisible (worn)
 G - a +1 crystal plate armour (worn)
 L - a +5 large shield (worn)
 Y - the +1 ring mail of the Gate {rF+ Str+6}
   (Okawaru gifted it to you in the Dungeon)

   It affects your strength (+6).
   It protects you from fire.
Jewellery
 s - a +2 ring of protection
 t - a +3 ring of dexterity
 v - a +6 amulet of reflection (around neck)
 x - a +4 ring of evasion
 z - an uncursed ring of wizardry
 N - the ring of the Morning {rElec Dex+4}
   (You found it in the Dungeon)

   [ring of insulation]

   It affects your dexterity (+4).
   It insulates you from electricity.
 O - the ring "Ateiwk" {MR+ Stlth+}
   (You found it in the Dungeon)

   [ring of protection from magic]

   It affects your resistance to hostile enchantments.
   It makes you more stealthy.
 P - the ring "Zyusau" (left hand) {rElec MP+9 Int+4 Dex+3}
   (You found it in the Dungeon)

   [ring of dexterity]

   It affects your intelligence (+4).
   It affects your dexterity (+3).
   It insulates you from electricity.
   It affects your magic capacity (+9).
 Q - the ring of Mulladi (right hand) {rC+ MR+ Dex+6}
   (You found it in the Dungeon)

   [ring of protection from magic]

   It affects your dexterity (+6).
   It protects you from cold.
   It affects your resistance to hostile enchantments.
 R - the ring of Ahaubbiunant {AC+3 Int+3}
   (You found it in the Dungeon)

   [ring of protection]

   It affects your AC (+3).
   It affects your intelligence (+3).
 S - the ring "Ninwod" {Fire MR- Str-3 Dex+8 Slay+4}
   (You found it in the Dungeon)

   [ring of fire]

   It enhances your fire magic.
   It affects your strength (-3).
   It affects your dexterity (+8).
   It affects your accuracy and damage with ranged weapons and melee attacks
   (+4).
   It protects you from fire.
   It makes you vulnerable to cold.
   It affects your resistance to hostile enchantments.
 T - the amulet of Compulsion {Faith Int+4}
   (You found it in the Dungeon)

   [amulet of faith]

   It allows you to gain divine favour quickly.
   It affects your intelligence (+4).
Wands
 n - a wand of acid (9)
 r - a wand of polymorph (3)
 B - a wand of scattershot (2)
 M - a wand of digging (10)
Scrolls
 k - 3 scrolls of blinking
 l - 7 scrolls of remove curse
 m - 2 scrolls of amnesia
 w - 6 scrolls of identify
 C - 2 scrolls of fog
 H - a scroll of fear
Potions
 a - 3 potions of brilliance
 b - 3 potions of berserk rage
 f - 5 potions of curing
 g - 10 potions of heal wounds
 h - 6 potions of haste
 i - 4 potions of magic
 j - a potion of invisibility
 A - 2 potions of might
 E - a potion of lignification
 I - 3 potions of agility
 K - a potion of flight
 V - a potion of mutation
Miscellaneous
 d - a lamp of fire
Comestibles
 e - 7 rations {!d}


   Skills:
 O Level 27 Fighting
 O Level 27 Short Blades
 O Level 27 Long Blades
 O Level 27 Axes
 O Level 27 Maces & Flails
 O Level 27 Polearms
 O Level 27 Staves
 O Level 27 Armour
 + Level 24.6(27) Dodging
 + Level 8.3(13.3) Stealth
 O Level 27 Shields
 O Level 27 Unarmed Combat
 O Level 27 Invocations
 + Level 25.2 Evocations


You had 19 spell levels left.
You didn't know any spells.
Your spell library contained the following spells:

 Spells                   Type           Power        Failure   Level  Hunger
 Flame Tongue             Conj/Fire      #....        97%         1    ##.....
 Infusion                 Chrm           #.......     97%         1    ##.....
 Flaming Arrows           Chrm/Fire      #.......     99%         2    ###....
 Song of Slaying          Chrm           #.......     99%         2    ###....
 Conjure Flame            Conj/Fire      #.......     100%        3    ####...
 Inner Flame              Hex/Fire       N/A          100%        3    ####...
 Ozocubu's Armour         Chrm/Ice       #.......     100%        3    ####...
 Regeneration             Chrm/Necr      #.........   100%        3    ####...
 Spectral Weapon          Hex/Chrm       #.......     100%        3    ####...
 Sticky Flame             Conj/Fire      #.......     100%        4    #####..
 Fireball                 Conj/Fire      #.........   100%        5    ######.


Dungeon Overview and Level Annotations

Branches:
Dungeon (1/1)

Altars:
Cheibriados
Dithmenos
Elyvilon
Fedhas
Gozag
Hepliaklqana
Kikubaaqudgha
Lugonu
Makhleb
Nemelex Xobeh
Okawaru
Qazlal
Ru
Sif Muna
Trog
Uskayaw
Vehumet
Wu Jian
Xom
Yredelemnul
Zin
The Shining One
Beogh
Jiyva

Shops:
D =[?!


Innate Abilities, Weirdness & Mutations

You are frail. (-10% HP)
Your spells are a little harder to cast, but a little more powerful.
[Scrolls take you longer to read.]
[Your magical capacity is extremely low. (-30% MP)]


Message History

The orb of fire is severely damaged.
The Killer Klown blinks!
You whack the orb of fire!
The orb of fire is almost destroyed.
The orb of fire emits a lurid red light.
The bolt of fire hits the orb of fire.
The orb of fire completely resists.
The bolt of fire misses you.
The bolt of fire hits the electric golem.
The electric golem resists.
The Killer Klown grows four more heads, takes them off and juggles!
You miss the orb of fire.
The orb of fire is almost destroyed.
The ancient lich gestures at you while chanting.
The bolt of lightning hits the orb of fire.
The orb of fire completely resists.
The bolt of lightning hits the orb of fire.
The orb of fire completely resists.
The bolt of lightning hits the orb of fire.
The orb of fire completely resists.
The bolt of lightning hits you! You resist.
You die...

▓▓▓▓▓▓▓▓▓▓▓▓▓▓▓▓▓▓▓▓▓▓▓▓
.').......'.'8'.@***L8pp
▓▓▓▓▓▓▓▓▓▓▓▓▓▓▓▓▓▓▓▓▓▓▓▓▓▓▓▓▓▓▓▓▓
.................................
▓▓▓▓▓▓▓▓▓▓▓▓▓▓▓▓▓▓▓▓▓▓▓▓▓▓▓▓▓▓▓▓▓
)......)...)[).))......)'))[.....
▓▓▓▓▓▓▓▓▓▓▓▓▓▓▓▓▓▓▓▓▓▓▓▓▓▓▓▓▓▓▓▓▓
.................))))))........[.
▓▓▓▓▓▓▓▓▓▓▓▓▓▓▓▓▓▓▓▓▓▓▓▓▓▓▓▓▓▓▓▓▓
....).)....[[[[[[................


You could see 3 orbs of fire, 2 Killer Klowns, 2 electric golems and an ancient
lich.

Vanquished Creatures
  An orb of fire (D)
  An ancient lich (D)
  Mara (D)
  Mennas (D)
  Xtahua (D)
  Sojobo (D)
  Boris (D)
  2 golden dragons (D)
  Margery (D)
  Frederick (D)
  A caustic shrike (D)
  Jory (D)
  A bone dragon (D)
  An electric golem (D)
  2 Orb Demons (D)
  3 tentacled monstrosities (D)
  14 Orb Guardians (D)
  4 quicksilver dragons (D)
  A titan (D)
  6 shadow dragons (D)
  3 sphinxes (D)
  A draconian monk (D)
  A tengu reaver (D)
  7 nagarajas (D)
  Donald (D)
  Ilsuiw (D)
  6 storm dragons (D)
  2 ghost moths (D)
  A frost giant (D)
  Louise (D)
  2 draconian scorchers (D)
  A vault warden (D)
  6 emperor scorpions (D)
  3 draconian annihilators (D)
  An entropy weaver (D)
  4 stone giants (D)
  3 draconian shifters (D)
  A draconian stormcaller (D)
  3 ironheart preservers (D)
  3 very ugly things (D)
  A green draconian (D)
  A black draconian (D)
  3 purple draconians (D)
  4 red draconians (D)
  5 white draconians (D)
  A yellow draconian (D)
  A spark wasp (D)
  Azrael (D)
  Snorg (D)
  2 merfolk javelineers (D)
  6 fire dragons (D)
  4 merfolk impalers (D)
  2 great orbs of eyes (D)
  3 ettins (D)
  2 yaktaur captains (D)
  25 vault guards (D)
  5 ice dragons (D)
  10 hydras (D)
  A two-headed ogre (D)
  A merfolk avatar (D)
  A death knight (D)
  4 naga warriors (D)
  5 centaur warriors (D)
  A deep troll shaman (D)
  A deep troll earth mage (D)
  6 orc high priests (D)
  A tengu warrior (D)
  2 merfolk aquamancers (D)
  3 shock serpents (D)
  Nergalle (D)
  2 deep elf knights (D)
  5 hell knights (D)
  A sea snake (D)
  A spriggan druid (D)
  7 swamp dragons (D)
  A glowing orange brain (D)
  2 wizards (D)
  A flayed ghost (D)
  A deep elf archer (D)
  A cyclops (shapeshifter) (D)
  An unseen horror (D)
  2 harpies (D)
  An ironbrand convoker (D)
  A phantasmal warrior (D)
  A necromancer (D)
  3 orc knights (D)
  3 wolf spiders (D)
  3 ugly things (D)
  A deep elf mage (D)
  3 cyclopes (D)
  4 manticores (D)
  2 salamanders (D)
  5 moths of wrath (D)
  2 merfolk sirens (D)
  2 black mambas (D)
  A vault sentinel (D)
  A guardian serpent (shapeshifter) (D)
  A guardian serpent (D)
  A cane toad (D)
  3 naga magi (D)
  A torpor snail (D)
  3 yaktaurs (D)
  2 rime drakes (D)
  2 freezing wraiths (D)
  2 tengu conjurers (D)
  2 demonic crawlers (D)
  2 komodo dragons (D)
  A troll (D)
  2 jumping spiders (D)
  4 merfolk (D)
  6 polar bears (D)
  A polar bear (shapeshifter) (D)
  A hornet (D)
  3 slime creatures (D)
  A blink frog (D)
  A snapping turtle (D)
  A hippogriff (D)
  A tarantella (D)
  5 redbacks (D)
  Grum (D)
  2 vampire mosquitoes (D)
  A crocodile (D)
  An insubstantial wisp (D)
  3 water moccasins (D)
  4 hell hounds (D)
  4 porcupines (D)
  A sky beast (D)
  2 swamp drakes (D)
  3 black bears (D)
  11 orc warriors (D)
  An eye of draining (D)
  2 boggarts (D)
  A centaur (D)
  3 wolves (D)
  2 bullfrogs (D)
  A howler monkey (D)
  9 orc priests (D)
  7 orc wizards (D)
  2 worker ants (D)
  An adder (D)
  An adder zombie (D)
  2 dart slugs (D)
  5 orcs (D)
  A bat skeleton (D)
  A goblin (D)
  2 hobgoblins (D)
378 creatures vanquished.

Vanquished Creatures (others)
  A spatial maelstrom (D)
  A deep elf archer (D)
  A boggart (D)
3 creatures vanquished.

Grand Total: 381 creatures vanquished

Notes
Turn   | Place    | Note
-------+----------+-------------------------------------------
     0 | D        | Freyura the Hill Orc Fighter began the quest for the Orb.
     0 | D        | Reached XP level 1. HP: 20/20 MP: 1/1
     0 | D        | Banished a spatial maelstrom
    29 | D        | Reached XP level 2. HP: 24/28 MP: 2/2
    58 | D        | Reached skill level 5 in Fighting
    65 | D        | Reached skill level 5 in Armour
    65 | D        | Reached skill level 5 in Shields
    65 | D        | Reached XP level 3. HP: 37/37 MP: 3/3
    66 | D        | Reached XP level 4. HP: 44/44 MP: 4/4
    87 | D        | Found a roughly hewn altar of Beogh.
    87 | D        | Found a snail-covered altar of Cheibriados.
    87 | D        | Found a shadowy altar of Dithmenos.
    87 | D        | Found a white marble altar of Elyvilon.
    87 | D        | Found a blossoming altar of Fedhas.
    87 | D        | Found an opulent altar of Gozag.
    88 | D        | Found a hazy altar of Hepliaklqana.
    89 | D        | Found a viscous altar of Jiyva.
    90 | D        | Found an ancient bone altar of Kikubaaqudgha.
    91 | D        | Found a corrupted altar of Lugonu.
    92 | D        | Found a burning altar of Makhleb.
    93 | D        | Found a sparkling altar of Nemelex Xobeh.
    94 | D        | Found an iron altar of Okawaru.
    95 | D        | Found a stormy altar of Qazlal.
    96 | D        | Found a sacrificial altar of Ru.
    97 | D        | Found a shimmering blue altar of Sif Muna.
    98 | D        | Found a bloodstained altar of Trog.
    99 | D        | Found a hide-covered altar of Uskayaw.
   100 | D        | Found a radiant altar of Vehumet.
   101 | D        | Found an ornate altar of the Wu Jian Council.
   102 | D        | Became a worshipper of Warmaster Okawaru
   103 | D        | Found a shimmering altar of Xom.
   104 | D        | Found a basalt altar of Yredelemnul.
   105 | D        | Found a glowing silver altar of Zin.
   106 | D        | Found a glowing golden altar of the Shining One.
   179 | D        | Noticed a centaur
   179 | D        | Noticed a troll
   179 | D        | Noticed a cyclops
   179 | D        | Noticed an eye of draining
   179 | D        | Noticed a black bear
   183 | D        | Killed a centaur
   183 | D        | Reached XP level 5. HP: 52/52 MP: 4/7
   188 | D        | Killed a troll
   188 | D        | Reached * piety under Okawaru
   188 | D        | Reached XP level 6. HP: 21/63 MP: 4/10
   193 | D        | Killed a cyclops
   193 | D        | Reached ** piety under Okawaru
   193 | D        | Reached skill level 10 in Fighting
   193 | D        | Reached XP level 7. HP: 50/72 MP: 0/13
   197 | D        | Reached XP level 8. HP: 57/80 MP: 0/14
   298 | D        | Noticed a manticore
   298 | D        | Noticed a manticore
   303 | D        | Killed a manticore
   303 | D        | Reached skill level 10 in Armour
   303 | D        | Reached skill level 10 in Shields
   316 | D        | Reached skill level 10 in Invocations
   324 | D        | Killed a manticore
   324 | D        | Reached XP level 9. HP: 74/90 MP: 14/16
   327 | D        | Reached *** piety under Okawaru
   504 | D        | Noticed a komodo dragon
   505 | D        | Noticed a cane toad
   510 | D        | Killed a komodo dragon
   521 | D        | Killed a cane toad
   528 | D        | Reached XP level 10. HP: 99/100 MP: 17/19
   540 | D        | Noticed an eight-headed hydra
   547 | D        | Reached **** piety under Okawaru
   554 | D        | Killed a five-headed hydra
   671 | D        | Reached ***** piety under Okawaru
   691 | D        | Reached XP level 11. HP: 71/110 MP: 21/21
   925 | D        | Noticed a stone giant
   941 | D        | Killed a stone giant
   941 | D        | Received a gift from Okawaru
   941 | D        | Reached skill level 1 in Dodging
  1084 | D        | Noticed an orc knight
  1121 | D        | Killed an orc knight
  1166 | D        | Found Zeolianyi's Jewellery Emporium.
  1166 | D        | Noticed an orc high priest
  1166 | D        | Noticed an orc high priest
  1167 | D        | Noticed an orc high priest
  1172 | D        | Noticed an orc high priest
  1173 | D        | Killed an orc high priest
  1173 | D        | Reached skill level 15 in Fighting
  1174 | D        | Found Irudeteo's Antique Armour Shoppe.
  1174 | D        | Noticed an orc high priest
  1182 | D        | Killed an orc high priest
  1182 | D        | Reached skill level 15 in Invocations
  1188 | D        | Noticed a sixfirhy
  1192 | D        | Found Modaische's Magic Scroll Emporium.
  1215 | D        | Killed an orc high priest
  1228 | D        | Noticed a sun demon
  1229 | D        | Killed an orc high priest
  1236 | D        | Killed an orc high priest
  1237 | D        | Found Uwkeel's Distillery.
  1450 | D        | Noticed an orc high priest
  1466 | D        | Noticed a sun demon
  1486 | D        | Killed an orc high priest
  1486 | D        | Reached skill level 5 in Dodging
  1486 | D        | Reached XP level 12. HP: 70/121 MP: 23/23
  1654 | D        | Bought a large shield for 81 gold pieces
  1686 | D        | Noticed Grum
  1714 | D        | Killed Grum
  1819 | D        | Got the +3 halberd "Tiug" {venom, rPois rC+ Int+4 Stlth+}
  1822 | D        | Got the +3 trident "Ihuok" {flame, Dex+3 SInv}
  1825 | D        | Got the +8 short sword "Secret Weapon" {pierce, *Rage Str+6
                  | Dex+4}
  1834 | D        | Got the +8 chain mail "Fouthor" {Str+3}
  1933 | D        | Noticed a death knight
  1938 | D        | Noticed a two-headed ogre
  1943 | D        | Noticed a centaur warrior
  1954 | D        | Noticed a brown very ugly thing
  1962 | D        | Killed a death knight
  1963 | D        | Noticed an ettin
  1964 | D        | Noticed a yaktaur captain
  1971 | D        | Noticed a deep troll shaman
  1977 | D        | Killed a two-headed ogre
  1977 | D        | Received a gift from Okawaru
  1984 | D        | Killed a brown very ugly thing
  1984 | D        | Reached skill level 15 in Armour
  1984 | D        | Reached skill level 15 in Shields
  1989 | D        | Killed a centaur warrior
  1990 | D        | Noticed a sphinx
  1998 | D        | Killed an ettin
  2005 | D        | Killed a yaktaur captain
  2012 | D        | Killed a deep troll shaman
  2021 | D        | Killed a sphinx
  2149 | D        | Noticed Azrael
  2157 | D        | Reached XP level 13. HP: 124/132 MP: 17/25
  2170 | D        | Killed Azrael
  2403 | D        | Noticed a spark wasp
  2417 | D        | Noticed an emperor scorpion
  2418 | D        | Killed a spark wasp
  2422 | D        | Received a gift from Okawaru
  2464 | D        | Killed an emperor scorpion
  2564 | D        | Reached ****** piety under Okawaru
  2854 | D        | Noticed a merfolk impaler
  2875 | D        | Killed a merfolk impaler
  2902 | D        | Noticed a nagaraja
  2930 | D        | Killed a nagaraja
  2930 | D        | Received a gift from Okawaru
  2952 | D        | Reached XP level 14. HP: 95/144 MP: 27/27
  3136 | D        | Noticed Nergalle
  3153 | D        | Killed Nergalle
  3202 | D        | Reached skill level 10 in Dodging
  3206 | D        | Noticed a sphinx
  3215 | D        | Noticed a stone giant
  3256 | D        | Killed a sphinx
  3257 | D        | Noticed a tengu reaver
  3263 | D        | Killed a stone giant
  3267 | D        | Noticed a red very ugly thing
  3290 | D        | Killed a tengu reaver
  3304 | D        | Killed a red very ugly thing
  3308 | D        | Noticed a red very ugly thing
  3327 | D        | Received a gift from Okawaru
  3339 | D        | Killed a red very ugly thing
  3480 | D        | Noticed an ironheart preserver
  3503 | D        | Noticed an ironheart preserver
  3534 | D        | Killed an ironheart preserver
  3541 | D        | Killed an ironheart preserver
  3568 | D        | Reached XP level 15. HP: 141/156 MP: 29/29
  3582 | D        | Noticed a sphinx
  3582 | D        | Noticed a yellow draconian monk
  3606 | D        | Killed a sphinx
  3609 | D        | Received a gift from Okawaru
  3620 | D        | Killed a yellow draconian monk
  3695 | D        | Noticed Snorg
  3706 | D        | Killed Snorg
  3738 | D        | Noticed Mara
  3739 | D        | Noticed Freyura's illusion
  3802 | D        | HP: 6/157 [Mara/nerve-wracking pain (14)]
  3819 | D        | Noticed Freyura's illusion
  3826 | D        | Killed Mara
  4393 | D        | Received a gift from Okawaru
  4448 | D        | HP: 8/160 [poison (poison gas)]
  4835 | D        | Got a decaying rune of Zot
  4842 | D        | Noticed an emperor scorpion
  4842 | D        | Noticed an emperor scorpion
  4842 | D        | Noticed an emperor scorpion
  4844 | D        | Noticed a ghost moth
  4861 | D        | Killed an emperor scorpion
  4872 | D        | Noticed an emperor scorpion
  4877 | D        | Killed an emperor scorpion
  4888 | D        | Killed an emperor scorpion
  4899 | D        | Killed a ghost moth
  4899 | D        | Received a gift from Okawaru
  4899 | D        | Noticed an emperor scorpion
  4917 | D        | Killed an emperor scorpion
  4938 | D        | Killed an emperor scorpion
  4948 | D        | Got a gossamer rune of Zot
  5065 | D        | Noticed Ilsuiw
  5079 | D        | Reached skill level 1 in Evocations
  5079 | D        | Reached XP level 16. HP: 169/169 MP: 24/31
  5100 | D        | Killed Ilsuiw
  5152 | D        | Got a barnacled rune of Zot
  5221 | D        | Noticed a nagaraja
  5221 | D        | Noticed a nagaraja
  5224 | D        | Noticed a nagaraja
  5229 | D        | Killed a nagaraja
  5229 | D        | Reached skill level 5 in Evocations
  5230 | D        | Noticed a nagaraja
  5235 | D        | Killed a nagaraja
  5236 | D        | Noticed a nagaraja
  5242 | D        | Noticed a nagaraja
  5248 | D        | Killed a nagaraja
  5259 | D        | Killed a nagaraja
  5264 | D        | Killed a nagaraja
  5274 | D        | Killed a nagaraja
  5289 | D        | Received a gift from Okawaru
  5292 | D        | Got a serpentine rune of Zot
  5343 | D        | Noticed Donald
  5345 | D        | Noticed Louise
  5353 | D        | Killed Donald
  5367 | D        | Noticed Xtahua
  5368 | D        | Killed Louise
  5384 | D        | Killed Xtahua
  5384 | D        | Reached skill level 15 in Dodging
  5718 | D        | Reached skill level 10 in Evocations
  5747 | D        | Reached XP level 17. HP: 180/180 MP: 33/33
  5941 | D        | Received a gift from Okawaru
  6004 | D        | Identified a scroll of acquirement
  6161 | D        | Noticed a tentacled monstrosity
  6161 | D        | Noticed a quicksilver dragon
  6164 | D        | Noticed a titan
  6170 | D        | Killed a tentacled monstrosity
  6239 | D        | Killed a quicksilver dragon
  6262 | D        | Killed a titan
  6277 | D        | Identified the +9 plate armour of Dramatic Exits {*Corrode
                  | Regen+ Int+3 Dex+4} (Okawaru gifted it to you in the
                  | Dungeon)
  6277 | D        | Received a gift from Okawaru
  6289 | D        | Got a silver rune of Zot
  6290 | D        | Identified the ring of the Morning {rElec Dex+4}
  6293 | D        | Identified the ring "Ateiwk" {MR+ Stlth+}
  6438 | D        | Noticed Frederick
  6446 | D        | Killed Frederick
  6448 | D        | Noticed Sojobo
  6510 | D        | Killed Sojobo
  6510 | D        | Reached skill level 27 in Invocations
  6810 | D        | Got the ring "Zyusau" {rElec MP+9 Int+4 Dex+3}
  6812 | D        | Got the ring of Mulladi {rC+ MR+ Dex+6}
  6814 | D        | Got the ring of Ahaubbiunant {AC+3 Int+3}
  6816 | D        | Got the ring "Ninwod" {Fire MR- Str-3 Dex+8 Slay+4}
  6818 | D        | Got the amulet of Compulsion {Faith Int+4}
  6824 | D        | Got the +5 demon whip "Bacugred" {flame, MR+ Str+3}
  6826 | D        | Got the +5 glaive of Woe {holy, Str+3 Int+3 Dex-2 SInv}
  6828 | D        | Got the +5 demon whip of Conflict {venom, rElec Dex+3}
  6831 | D        | Got the +5 bardiche of the Grave {antimagic, *Noise Str+4
                  | Int+5}
  6834 | D        | Got the +5 bardiche of Lies {chop, +Inv rF- Str+4 Stlth+}
  6847 | D        | Got the +2 swamp dragon scales of the Will of the Gods
                  | {+Inv rPois}
  6921 | D        | Identified the +0 helmet of Mofemp {rF+ rC+ Str-5 Dex+6}
                  | (You acquired it in the Dungeon)
  6962 | D        | Noticed Boris
  7011 | D        | Killed Boris
  7030 | D        | Noticed Margery
  7034 | D        | Noticed Jory
  7083 | D        | Killed Jory
  7083 | D        | Reached XP level 18. HP: 64/192 MP: 35/35
  7089 | D        | Killed Margery
  7089 | D        | Reached skill level 15 in Evocations
  7533 | D        | Noticed Mennas
  7581 | D        | Killed Mennas
  7601 | D        | Noticed a caustic shrike
  7623 | D        | Killed a caustic shrike
  7901 | D        | Noticed a bone dragon
  7934 | D        | Killed a bone dragon
  7934 | D        | Identified the +1 ring mail of the Gate {rF+ Str+6}
                  | (Okawaru gifted it to you in the Dungeon)
  7934 | D        | Received a gift from Okawaru
  8181 | D        | Noticed a quicksilver dragon
  8204 | D        | Killed a quicksilver dragon
  8378 | D        | Noticed a golden dragon
  8378 | D        | Noticed a golden dragon
  8378 | D        | Noticed a quicksilver dragon
  8399 | D        | Killed a golden dragon
  8410 | D        | Killed a quicksilver dragon
  8472 | D        | Killed a golden dragon
  8472 | D        | Reached XP level 19. HP: 184/204 MP: 36/36
  8520 | D        | Noticed an Orb Demon
  8520 | D        | Noticed a tentacled monstrosity
  8535 | D        | Killed an Orb Demon
  8541 | D        | Killed a tentacled monstrosity
  8550 | D        | Reached skill level 27 in Armour
  8550 | D        | Reached skill level 27 in Shields
  8621 | D        | Received a gift from Okawaru
  8747 | D        | Noticed an Orb Demon
  8838 | D        | Killed an Orb Demon
  8950 | D        | Noticed an Orb Guardian
  8950 | D        | Noticed an Orb Guardian
  8950 | D        | Noticed an Orb Guardian
  8950 | D        | Noticed an Orb Guardian
  8950 | D        | Noticed an Orb Guardian
  8950 | D        | Noticed an Orb Guardian
  8959 | D        | Killed an Orb Guardian
  8960 | D        | Noticed an Orb Guardian
  8975 | D        | Killed an Orb Guardian
  8976 | D        | Noticed an Orb Guardian
  8985 | D        | Killed an Orb Guardian
  8986 | D        | Noticed an Orb Guardian
  8994 | D        | Killed an Orb Guardian
  8994 | D        | Reached skill level 27 in Fighting
  8995 | D        | Noticed an Orb Guardian
  9004 | D        | Killed an Orb Guardian
  9012 | D        | Killed an Orb Guardian
  9029 | D        | Killed an Orb Guardian
  9048 | D        | Killed an Orb Guardian
  9059 | D        | Killed an Orb Guardian
  9070 | D        | Killed an Orb Guardian
  9070 | D        | Received a gift from Okawaru
  9210 | D        | Noticed a tentacled monstrosity
  9210 | D        | Noticed an Orb Guardian
  9210 | D        | Noticed an Orb Guardian
  9212 | D        | Noticed an Orb Guardian
  9227 | D        | Killed a tentacled monstrosity
  9228 | D        | Noticed an Orb Guardian
  9247 | D        | Killed an Orb Guardian
  9258 | D        | Killed an Orb Guardian
  9285 | D        | Killed an Orb Guardian
  9285 | D        | Reached XP level 20. HP: 210/216 MP: 4/37
  9430 | D        | Noticed an ancient lich
  9438 | D        | Killed an ancient lich
  9438 | D        | Reached skill level 5 in Stealth
  9454 | D        | Noticed an orb of fire
  9455 | D        | Gained mutation: [Your magical capacity is low. (-10% MP)]
                  | [an orb of fire]
  9496 | D        | Gained mutation: You are frail. (-10% HP) [an orb of fire]
  9522 | D        | Killed an orb of fire
  9933 | D        | Noticed an electric golem
  9943 | D        | Killed an electric golem
  9978 | D        | Noticed an electric golem
  9978 | D        | Noticed a Killer Klown
  9978 | D        | Noticed an orb of fire
  9978 | D        | Noticed an electric golem
  9978 | D        | Noticed an orb of fire
  9978 | D        | Noticed a Killer Klown
  9981 | D        | Noticed an orb of fire
  9983 | D        | Gained mutation: Your spells are a little harder to cast,
                  | but a little more powerful. [an orb of fire]
  9995 | D        | Noticed an ancient lich
 10023 | D        | HP: 2/194 [orb of fire/bolt of fire (37)]
 10027 | D        | Killed from afar by an ancient lich

Skill      XL: |  1  2  3  4  5  6  7  8  9 10 11 12 13 14 15 16 17 18 19 20 |
---------------+-------------------------------------------------------------+-----
Armour         | 5 6 8 9 10 11 13 14 15 17 18 20 22 24 26 27 | 27.0
Shields        | 5 6 8 9 10 11 13 14 15 17 18 20 22 24 26 27 | 27.0
Fighting       | 5 6 7 9 10 11 12 14 15 17 18 20 22 23 24 25 27 | 27.0
Invocations    | 3 6 8 10 12 13 15 17 19 21 23 25 27 | 27.0
Dodging        | 5 7 9 11 13 15 17 20 23 24 | 24.6
Evocations     | 1 10 14 18 24 25 | 25.2
Stealth        | 8 |  8.3
Short Blades   | | 27.0
Long Blades    | | 27.0
Axes           | | 27.0
Maces & Flails | | 27.0
Polearms       | | 27.0
Staves         | | 27.0
Unarmed Combat | | 27.0

Action                   |  1- 3 |  4- 6 |  7- 9 | 10-12 | 13-15 | 16-18 | 19-21 || total
-------------------------+-------+-------+-------+-------+-------+-------+-------++-------
Melee: Flail             |    42 |    14 |       |       |       |       |       ||    56
       Scimitar          |       |    10 |    55 |   336 |   575 |       |       ||   976
       Unarmed           |       |       |       |    29 |       |       |       ||    29
       Broad axe         |       |       |       |       |   105 |   470 |       ||   575
       Demon blade       |       |       |       |       |    39 |       |       ||    39
       Long sword        |       |       |       |       |       |   265 |       ||   265
       Demon whip        |       |       |       |       |       |   454 |   507 ||   961
       Sacred scourge    |       |       |       |       |       |       |    10 ||    10
Invok: Heroism           |       |       |     2 |     6 |     6 |    11 |     5 ||    30
       Finesse           |       |       |       |     4 |     6 |    11 |     5 ||    26
Evoke: Lamp of fire      |       |       |       |       |     2 |       |       ||     2
       Wand              |       |       |       |       |     1 |     3 |       ||     4
  Use: Potion            |     1 |     2 |       |     1 |     7 |       |     1 ||    12
       Scroll            |       |       |     6 |     4 |     2 |     7 |       ||    19
  Eat: Chunk             |       |       |       |     4 |       |     8 |     2 ||    14
       Ration            |       |       |       |       |     3 |     1 |     1 ||     5
Armor: Scale mail        |    14 |     8 |       |       |       |       |       ||    22
       Ring mail         |       |     4 |    10 |    25 |       |       |       ||    39
       Chain mail        |       |       |       |    24 |   106 |    14 |       ||   144
       Crystal plate arm |       |       |       |       |       |    99 |    34 ||   133
Dodge: Dodged            |    12 |    10 |    12 |    45 |    97 |   113 |    47 ||   336
Block: Shield            |    12 |    20 |    40 |   164 |       |       |       ||   236
       Reflection        |       |       |       |     3 |    20 |    17 |     2 ||    42
       Large shield      |       |       |       |    51 |   547 |   666 |   227 ||  1491
       Other             |       |       |       |     4 |       |       |       ||     4
